 Dungeon Crawl Stone Soup version 0.29-a0-334-gb41bcbb86e (webtiles) character file.

Game seed: 10275022192028700627

11868 siradein the Fighter (level 11, -1/99 HPs)
             Began as a Minotaur Fighter on Apr 15, 2022.
             Was an Elder of Nemelex Xobeh.
             Slain by a cyclops (20 damage)
             ... on level 11 of the Dungeon.
             The game lasted 00:31:43 (14429 turns).

siradein the Fighter (Minotaur Fighter)            Turns: 14429, Time: 00:31:43

Health: -1/99      AC: 16    Str: 24    XL:     11   Next: 55%
Magic:  14/14      EV: 11    Int:  5    God:    Nemelex Xobeh [****..]
Gold:   780        SH: 14    Dex: 17    Spells: 10/10 levels left

rFire   . . .      SeeInvis +   a - +5 long sword
rCold   . . .      Faith    +   Q - +2 kite shield
rNeg    . . .      Spirit   .   s - +0 chain mail
rPois   .          Reflect  .   (helmet restricted)
rElec   .          Harm     .   h - +2 cloak {Will+}
rCorr   .          Rampage  .   (no gloves)
Will    +....                   x - +0 pair of boots
Stlth   ..........              r - amulet of faith
HPRegen 0.26/turn               D - ring of see invisible
MPRegen 0.14/turn               I - +6 ring of dexterity

@: no status effects
A: horns 2, retaliatory headbutt
a: Renounce Religion, Draw Escape, Draw Destruction, Draw Summoning, Triple
Draw, Deal Four


You were on level 11 of the Dungeon.
You worshipped Nemelex Xobeh.
Nemelex Xobeh was greatly pleased with you.
You visited 2 branches of the dungeon, and saw 12 of its levels.
You also visited: Ossuary.

You collected 780 gold pieces.

Inventory:

Hand Weapons
 a - a +5 long sword (weapon)
 E - a +0 scimitar
Missiles
 m - 16 poisoned darts (quivered)
 C - 6 datura-tipped darts
Armour
 h - a +2 cloak of willpower (worn)
 s - a +0 chain mail (worn)
 x - a +0 pair of boots (worn)
 Q - a +2 kite shield (worn)
Jewellery
 b - a +6 ring of intelligence
 r - an amulet of faith (around neck)
 D - a ring of see invisible (left hand)
 H - a +6 ring of strength
 I - a +6 ring of dexterity (right hand)
 L - an amulet of magic regeneration
 M - a +4 ring of protection
 N - a ring of wizardry
Wands
 f - a wand of flame (23)
 K - a wand of iceblast (7)
Scrolls
 e - 3 scrolls of fog
 i - 2 scrolls of magic mapping
 k - 2 scrolls of fear
 n - 8 scrolls of teleportation {unknown}
 q - 6 scrolls of enchant weapon
 u - 4 scrolls of vulnerability {unknown}
 v - 4 scrolls of amnesia
 y - 6 scrolls of blinking
 B - 3 scrolls of enchant armour {unknown}
 F - 2 scrolls of immolation
 O - a scroll of holy word {unknown}
Potions
 d - 3 potions of might
 g - 4 potions of haste
 j - a potion of cancellation
 l - 5 potions of curing
 o - 3 potions of heal wounds
 p - a potion of flight {unknown}
 t - 2 potions of resistance {unknown}
 w - 4 potions of degeneration {unknown}
 z - 3 potions of lignification {unknown}
 A - 2 potions of magic {unknown}
 G - 2 potions of attraction {unknown}
 J - 2 potions of mutation {unknown}
 P - a potion of berserk rage {unknown}


   Skills:
 + Level 9.8 Fighting
 + Level 9.3 Long Blades
 + Level 9.7 Armour
 + Level 7.8 Dodging
 + Level 9.7 Shields
 + Level 5.4 Invocations
 + Level 5.3 Evocations


You had 10 spell levels left.
You didn't know any spells.
Your spell library contained the following spells:

 Spells                   Type           Power      Damage    Failure   Level
 Summon Small Mammal      Summ           0%         N/A       100%        1
 Scorch                   Fire           0%         2d5       100%        2
 Call Canine Familiar     Summ           0%         N/A       100%        3
 Stone Arrow              Conj/Erth      0%         3d7       100%        3
 Summon Guardian Golem    Hex/Summ       0%         N/A       100%        3
 Tukima's Dance           Hex            0%         N/A       100%        3
 Vampiric Draining        Necr           0%         2d6       100%        3
 Anguish                  Hex/Necr       0%         N/A       100%        4
 Animate Armour           Summ/Erth      0%         N/A       100%        4
 Flame Wave               Conj/Fire      0%         2d4       100%        4
 Olgreb's Toxic Radiance  Pois           0%         N/A       100%        4
 Passage of Golubria      Tloc           0%         N/A       100%        4
 Borgnjor's Vile Clutch   Necr/Erth      0%         N/A       100%        5
 Yara's Violent Unravell  Hex/Tmut       0%         3d3       100%        5
 Iron Shot                Conj/Erth      0%         9d1       100%        6
 Summon Cactus Giant      Summ           0%         N/A       100%        6
 Enfeeble                 Hex            0%         N/A       100%        7
 Orb of Destruction       Conj           0%         9d5       100%        7
 Ozocubu's Refrigeration  Ice            0%         4d5       100%        7
 Spellforged Servitor     Conj/Summ      0%         N/A       100%        7
 Ignition                 Fire           0%         3d3       100%        8
 Lehudib's Crystal Spear  Conj/Erth      0%         10d2      100%        8
 Shatter                  Erth           0%         3d5*      100%        9


Dungeon Overview and Level Annotations

Branches:
Dungeon (11/15)            Temple (1/1) D:6            Lair (0/6) D:9
Ossuary (visited)
    Orc: D:9-12

Altars:
Ashenzari
Dithmenos
Elyvilon
Fedhas
Gozag
Kikubaaqudgha
Makhleb
Nemelex Xobeh
Okawaru
Qazlal
Ru
Sif Muna
Trog
Vehumet
Wu Jian
Xom
Yredelemnul
Zin
The Shining One

Shops:
D:3 (   D:9 *


Innate Abilities, Weirdness & Mutations

You have a pair of horns on your head.
You reflexively headbutt those who attack you in melee.


Message History

The splash of acid hits you. You block the acid dragon's attack.
The acid dragon closely misses you.
You slash the acid dragon!
You kill the acid dragon!
The acid dragon scales are intact enough to wear.
You block the two-headed ogre's attack.
The two-headed ogre hits you but does no damage.
You draw a card...
You have drawn Vitriol.
Press: ? - help, Shift-Dir - straight line, f - two-headed ogre
Aim: a two-headed ogre, wielding a +0 giant club and a +0 giant spiked club The bolt of acid hits the two-headed ogre!!
The acid corrodes the two-headed ogre!
The two-headed ogre is heavily wounded.
The deck of cards glows slightly and disappears.
You barely miss the two-headed ogre. You headbutt the two-headed ogre.
The two-headed ogre is heavily wounded.
The two-headed ogre hits you with a +0 giant club!
You block the two-headed ogre's attack.
You slash the two-headed ogre!
The two-headed ogre is severely wounded.
You block the two-headed ogre's attack.
The two-headed ogre hits you with a +0 giant spiked club!!
You are too injured to fight recklessly!
You are too injured to fight recklessly!
Unknown command.
You hit the two-headed ogre.
The two-headed ogre is almost dead.
You slash the two-headed ogre!
Your headbutt misses the two-headed ogre.
The two-headed ogre is almost dead.
The two-headed ogre hits you with a +0 giant club!
* * * LOW HITPOINT WARNING * * *
The two-headed ogre barely misses you. You block the cyclops's attack.
Unknown command.
You hit the two-headed ogre.
You kill the two-headed ogre!
The cyclops hits you!!
You die...
Your body glows slightly and disappears.

#........#....#######.
#........######PPPP.##
#.........#####PP.P^#.
####'####..P.#..._.P##
#.# ###...#P....#.
#.##########P^^PP#.
#####......#>. ######.
#...'......'.. #.
#)@C...# #. #.[....#
######. #......#
#...... #.........
#...... #.........
#...... #######...
#...... ... #...... ..
#...... #......


You could see a cyclops.

Vanquished Creatures
  A two-headed ogre (D:11)
  2 skeletal warriors (D:10)
  A cyclops (D:9)
  A komodo dragon (D:9)
  A troll (D:9)
  A hornet (D:7)
  2 shadows (D:10)
  3 vampires
  12 yaks
  A wyvern (D:9)
  4 hogs (D:7)
  A wraith (D:10)
  A human (D:7)
  A steam dragon (D:9)
  Eustachio (D:5)
  2 water moccasins
  An acid dragon (D:11)
  A black bear (D:7)
  2 orc warriors
  2 ice beasts
  3 sky beasts
  2 ogres (D:6)
  4 centaurs
  A kobold brigand (D:6)
  3 bullfrogs
  13 scorpions
  14 wights
  11 killer bees
  A jelly (D:8)
  A howler monkey (D:7)
  3 centaur zombies (Ossuary)
  2 human zombies (Ossuary)
  6 hounds
  3 orc priests
  3 iguanas
  7 orc wizards
  4 scorpion zombies (Ossuary)
  3 mummies (Ossuary)
  7 adders
  A shadow imp (D:5)
  2 white imps
  An ufetubus (D:5)
  4 worms
  4 dart slugs
  19 orcs
  8 ball pythons
  9 bats
  11 endoplasms
  3 giant cockroaches
  9 goblins
  4 hobgoblins
  5 jackals (D:4)
  6 quokkas
  5 frilled lizards
  A gnoll zombie (Ossuary)
  A goblin zombie (Ossuary)
  13 kobolds
  2 orc zombies (Ossuary)
  8 rats
248 creatures vanquished.

Vanquished Creatures (collateral kills)
  2 skeletal warriors (D:10)
  A killer bee (D:10)
3 creatures vanquished.

Vanquished Creatures (others)
  4 plants (D:9)
4 creatures vanquished.

Grand Total: 255 creatures vanquished

Notes
Turn   | Place    | Note
-------+----------+-------------------------------------------
     0 | D:1      | siradein the Minotaur Fighter began the quest for the Orb.
     0 | D:1      | Reached XP level 1. HP: 19/19 MP: 0/0
    78 | D:1      | Reached XP level 2. HP: 27/27 MP: 1/1
   336 | D:1      | Reached XP level 3. HP: 32/33 MP: 2/2
   854 | D:2      | Identified the +6 spear "Vonerar" {freeze, *Slow MP+9
                  | Str+2}
  1167 | D:2      | Reached XP level 4. HP: 37/41 MP: 3/3
  1565 | D:3      | Got Imolaaw's Compendium of Stones
  1679 | D:3      | Found Piskaitt's Weapon Shoppe.
  1902 | D:3      | Reached XP level 5. HP: 47/47 MP: 4/4
  1961 | D:3      | Reached skill level 1 in Dodging
  2788 | D:4      | Noticed a centaur
  2797 | D:4      | Killed a centaur
  2798 | D:4      | Reached skill level 5 in Fighting
  2798 | D:4      | Reached skill level 5 in Armour
  2798 | D:4      | Reached skill level 5 in Shields
  2798 | D:4      | Reached XP level 6. HP: 35/56 MP: 5/5
  3537 | D:5      | Entered Level 5 of the Dungeon
  3649 | D:5      | Reached XP level 7. HP: 51/61 MP: 6/6
  3821 | D:5      | Noticed Eustachio
  3853 | D:5      | Reached skill level 5 in Long Blades
  3862 | D:5      | HP: 2/62 [something/puff of flame (5)]
  4734 | D:5      | Killed Eustachio
  4735 | D:5      | Reached XP level 8. HP: 58/70 MP: 7/7
  5113 | D:5      | Got the Incunabulum of Sinister Clay
  5351 | D:6      | Found a staircase to the Ecumenical Temple.
  5363 | Temple   | Entered the Ecumenical Temple
  5368 | Temple   | Reached skill level 1 in Evocations
  5552 | Temple   | Became a worshipper of Nemelex Xobeh the Trickster
  5654 | D:6      | Found a sand-covered staircase.
  5660 | Ossuary  | Entered an ossuary
  6031 | Ossuary  | Reached skill level 1 in Invocations
  6031 | Ossuary  | Reached XP level 9. HP: 70/79 MP: 8/8
  6033 | Ossuary  | Reached skill level 5 in Dodging
  6526 | D:6      | Reached * piety under Nemelex Xobeh
  7792 | D:7      | Paralysed by a hornet for 1 turns
  7796 | D:7      | Reached XP level 10. HP: 18/88 MP: 11/11
  8697 | D:8      | Received a gift from Nemelex Xobeh
  8726 | D:8      | Reached ** piety under Nemelex Xobeh
 10804 | D:9      | Noticed a cyclops
 10874 | D:9      | Received a gift from Nemelex Xobeh
 10968 | D:9      | Found Gozag's Platinum Reserve.
 10986 | D:9      | Found an opulent altar of Gozag.
 11065 | D:9      | Noticed a four-headed hydra
 11140 | D:9      | Reached *** piety under Nemelex Xobeh
 11542 | D:9      | Killed a cyclops
 11784 | D:9      | Found a staircase to the Lair.
 12189 | D:10     | Entered Level 10 of the Dungeon
 12559 | D:10     | Reached XP level 11. HP: 87/97 MP: 13/13
 12917 | D:10     | Received a gift from Nemelex Xobeh
 12930 | D:10     | Reached **** piety under Nemelex Xobeh
 13015 | D:10     | Noticed a skeletal warrior
 13137 | D:10     | Killed a skeletal warrior
 13138 | D:10     | Reached skill level 5 in Invocations
 13454 | D:10     | Noticed a skeletal warrior
 13454 | D:10     | Noticed a skeletal warrior
 13499 | D:10     | Killed a skeletal warrior
 13500 | D:10     | Reached skill level 5 in Evocations
 13504 | D:10     | Killed a skeletal warrior
 13851 | D:10     | Noticed a skeletal warrior
 13867 | D:10     | Killed a skeletal warrior
 14371 | D:11     | Noticed a seven-headed hydra
 14398 | D:11     | Found a sacrificial altar of Ru.
 14422 | D:11     | Noticed a two-headed ogre
 14429 | D:11     | Killed a two-headed ogre
 14429 | D:11     | Slain by a cyclops

Illustrated notes

Levels and vault maps discovered:
D:1:      shiori_arrival_maze, layout_basic, lemuel_old_faithful
D:2:      minmay_general_purpose_star, layout_basic, minmay_ruptured
D:3:      layout_rooms, serial_shops, shop, chequers_serial_rivers_large_b,
          minmay_box_of_dots
D:4:      nicolae_cairo_tiling_very_big, layout_loops_corners, hex_medium,
          hangedman_decor_points, hangedman_abyss_or_decor_lesser_grid,
          minmay_pentangle
D:5:      minmay_recursive_quarters, layout_basic, kennysheep_small_square,
          uniq_grinder, uniq_eustachio
D:6:      layout_loops_ring, minmay_temple_entry_grid,
          nicolae_ossuary_entry_false_entrances
D:7:      layout_basic, grunt_livestock
D:8:      layout_loops_corners, kennysheep_nub
D:9:      layout_rooms, nicolae_gozag_zags_fifth_avenue, david_lair_shrubbed,
          serial_aquarium, aquarium_bridge_straight [aquarium_subvault_bridge,
          aquarium_subvault_balcony, aquarium_subvault_bridge,
          aquarium_subvault_balcony], aquarium_window_corridor_3,
          aquarium_window_2, aquarium_window_fake, aquarium_view_2a,
          aquarium_view_2d, aquarium_balcony_3b, aquarium_pool_1,
          nicolae_benzene_ring, grunt_ministairs_10,
          chequers_serial_rivers_micro_c, minivault_25, st_stairs_11
D:10:     layout_long_grid
D:11:     layout_basic, nicolae_ru_the_path_less_chosen, uniq_sonja
Temple:   mainiacjoe_temple_trianglar_array

Skill      XL: |  1  2  3  4  5  6  7  8  9 10 11 |
---------------+----------------------------------+-----
Fighting       | 4 5 6 7 8 9 |  9.8
Armour         | 4 5 6 7 8 9 |  9.7
Shields        | 4 5 6 7 8 9 |  9.7
Long Blades    | 3 4 5 6 7 8 9 |  9.3
Dodging        | 2 3 4 6 7 |  7.8
Evocations     | 1 3 4 5 |  5.3
Invocations    | 1 3 4 5 |  5.4

Action                   |  1- 3 |  4- 6 |  7- 9 | 10-12 || total
-------------------------+-------+-------+-------+-------++-------
Melee: Long sword        |    97 |   178 |   348 |   333 ||   956
       Headbutt          |    18 |    40 |    88 |    89 ||   235
       Scimitar          |       |       |       |    21 ||    21
Throw: Dart              |       |       |     6 |       ||     6
Invok: Draw Escape       |       |       |       |     1 ||     1
       Draw Destruction  |       |       |       |    15 ||    15
       Draw Summoning    |       |       |       |     5 ||     5
  Use: Scroll            |       |     7 |     3 |     4 ||    14
       Potion            |       |       |     2 |     1 ||     3
Armor: Scale mail        |    43 |       |       |       ||    43
       Chain mail        |    18 |   128 |   214 |   105 ||   465
Dodge: Dodged            |    53 |    71 |   161 |   176 ||   461
Block: Buckler           |    22 |    53 |    89 |    71 ||   235
       Kite shield       |       |       |       |    59 ||    59

Table legend: (Time is in decaauts)
 A = Elapsed time spent in this place.
 B = Non-inter-level travel time spent in this place.
 C = Inter-level travel time spent in this place.
 D = Time resting spent in this place.
 E = Time spent auto-exploring this place.
 F = Levels seen in this place.
 G = Mean time per level.
                   A        B        C        D        E       F      G
               +--------+--------+--------+--------+--------+-----+--------+
         Total |  14593 |  14350 |    243 |   1526 |   9828 |  13 | 1122.5 |
       Dungeon |  13692 |  13449 |    243 |   1346 |   9583 |  11 | 1244.7 |
        Temple |    235 |    235 |      0 |      0 |      0 |   1 |  235.0 |
       Ossuary |    666 |    666 |      0 |    180 |    245 |   1 |  666.0 |
               +--------+--------+--------+--------+--------+-----+--------+

Top non-repeatable levels by time:
     D:8: 2205 daAuts
     D:4: 2062 daAuts
    D:10: 1873 daAuts
     D:7: 1755 daAuts
     D:9: 1343 daAuts
     D:5: 914 daAuts
     D:3: 894 daAuts
     D:1: 809 daAuts
     D:6: 786 daAuts
     D:2: 675 daAuts
 Ossuary: 666 daAuts
    D:11: 373 daAuts
  Temple: 235 daAuts
